 Dungeon Crawl Stone Soup version 0.26-a0-658-gbdda728c12 (webtiles) character file.

Game seed: 15765837661550017683

67 lunkers the Sneak (level 4, 0/28 HPs)
             Began as a Kobold Delver on Oct 4, 2020.
             Slain by an orc priest (2 damage)
             ... on level 3 of the Dungeon.
             The game lasted 00:01:50 (871 turns).

lunkers the Sneak (Kobold Delver)                    Turns: 871, Time: 00:01:50

Health: 0/28       AC:  8    Str:  9    XL:     4   Next: 40%
Magic:  4/4        EV: 13    Int: 11    God:
Gold:   47         SH:  0    Dex: 17    Spells: 3/3 levels left

rFire    . . .     SeeInvis .   a - +0 short sword
rCold    . . .     Faith    .   (shield restricted)
rNeg     . . .     Spirit   .   i - +3 ring mail
rPois    .         Reflect  .   (no helmet)
rElec    .         Harm     .   (no cloak)
rCorr    .         Rampage  .   (no gloves)
MR       .....                  (no boots)
Stlth    ++++......             (no amulet)
HPRegen  0.09/turn              (no ring)
MPRegen  0.09/turn              (no ring)

@: no status effects
A: small, nightstalker 3
a: no special abilities


You were on level 3 of the Dungeon.
You visited 1 branch of the dungeon, and saw 3 of its levels.

You collected 47 gold pieces.

Inventory:

Hand Weapons
 a - a +0 short sword (weapon)
Missiles
 j - 13 poisoned darts (quivered)
Armour
 b - a +0 leather armour
 i - a +3 ring mail (worn)
Wands
 g - a wand of digging (3)
Scrolls
 c - a scroll of fog
 d - a scroll of magic mapping
 e - a scroll of fear
Potions
 f - a potion of haste
 h - a potion of might {unknown}


   Skills:
 - Level 3.2 Fighting
 + Level 4.4 Short Blades
 - Level 2.4 Dodging
 + Level 7.7 Stealth


You had 3 spell levels left.
You didn't know any spells.
Your spell library was empty.

Dungeon Overview and Level Annotations

Branches:
Dungeon (5/15)
 Temple: D:4-7

Altars:


Innate Abilities, Weirdness & Mutations

You are small and have problems with some larger weapons.
You are completely attuned to the shadows.


Message History

You hit the orc priest.
The orc priest is moderately wounded.
The orc priest mumbles some strange prayers to Beogh against you.
Pain shoots through your body!
* * * LOW HITPOINT WARNING * * *
You hit the orc priest.
The orc priest is heavily wounded.
You hit the orc priest.
The orc priest is severely wounded.
The orc priest misses you.
You closely miss the orc priest.
The orc priest is severely wounded.
The orc priest hits you but does no damage.
You closely miss the orc priest.
The orc priest is severely wounded.
The orc priest misses you.
You hit the orc priest but do no damage.
The orc priest is severely wounded.
The orc priest hits you.
You die...

### ..# ##############
#.## #....(.o@....#
...######.##########.#
#.........# #.#
......##..# #.#
#.###.##..# #.# #.#
#.##..# #.# #.#
#.##..# #.# #.# ...#
#)# #.# #...# #)#


You could see an orc priest.

Vanquished Creatures
  An orc wizard (D:3)
  An adder (D:3)
  10 orcs (D:3)
  A ball python (D:3)
  A giant cockroach (D:3)
  A frilled lizard (D:3)
  5 kobolds (D:3)
  A rat (D:3)
21 creatures vanquished.

Notes
Turn   | Place    | Note
-------+----------+-------------------------------------------
     0 | D:5      | lunkers the Kobold Delver began the quest for the Orb.
     0 | D:5      | Reached XP level 1. HP: 14/14 MP: 1/1
    16 | D:5      | Noticed a sky beast
   239 | D:3      | Reached XP level 2. HP: 15/19 MP: 2/2
   272 | D:3      | Noticed a centaur
   364 | D:3      | Reached skill level 7 in Stealth
   364 | D:3      | Reached XP level 3. HP: 23/23 MP: 3/3
   431 | D:3      | Reached XP level 4. HP: 21/28 MP: 4/4
   871 | D:3      | Slain by an orc priest

Illustrated notes

Levels and vault maps discovered:
D:3:      layout_loops_ring, gammafunk_temple_overflow_wave, uniq_robin
D:4:      layout_basic, minmay_temple_entry_purple_smoke
D:5:      layout_loops_ring

Skill      XL: |  1  2 |
---------------+-------+-----
Short Blades   | 3 4 |  4.4
Stealth        | 7 |  7.7
Fighting       | |  3.2
Dodging        | |  2.4

Action                   |  1- 3 |  4- 6 || total
-------------------------+-------+-------++-------
Melee: Short sword       |    50 |    58 ||   108
Throw: Dart              |     1 |     3 ||     4
  Use: Scroll            |       |     1 ||     1
 Stab: Sleeping          |     6 |       ||     6
Armor: Ring mail         |     5 |    13 ||    18
Dodge: Dodged            |    25 |    34 ||    59

Table legend: (Time is in decaauts)
 A = Elapsed time spent in this place.
 B = Non-inter-level travel time spent in this place.
 C = Inter-level travel time spent in this place.
 D = Time resting spent in this place.
 E = Time spent auto-exploring this place.
 F = Levels seen in this place.
 G = Mean time per level.
                   A        B        C        D        E       F      G
               +--------+--------+--------+--------+--------+-----+--------+
         Total |    859 |    792 |     67 |    228 |    322 |   3 |  286.3 |
       Dungeon |    859 |    792 |     67 |    228 |    322 |   3 |  286.3 |
               +--------+--------+--------+--------+--------+-----+--------+

Top non-repeatable levels by time:
     D:3: 735 daAuts
     D:4: 71 daAuts
     D:5: 52 daAuts
